 Dungeon Crawl Stone Soup version 0.14-a0-736-g2a71271 (webtiles) character file.

3119 JacquesDerrida the Frost Mage (level 9, 0/57 HPs)
             Began as a Demonspawn Ice Elementalist on Nov 7, 2013.
             Slain by an orc knight
             ... wielding a +0,+1 orcish trident
              (11 damage)
             ... in a bailey.
             The game lasted 00:38:06 (5547 turns).

JacquesDerrida the Frost Mage (DsIE)                Turns: 5547, Time: 00:38:06

HP   0/57        AC  9     Str 16      XL: 9   Next: 43%
MP  28/28        EV 11     Int 18      God:
Gold 332         SH  4     Dex 13      Spells:  4 memorised,  6 levels left

Res.Fire  : . . .   See Invis. : .   x - staff of conjuration
Res.Cold  : + . .   Warding    : .   t - +0 leather armour (curse)
Life Prot.: . . .   Conserve   : .   (no shield)
Res.Poison: .       Res.Corr.  : +   (no helmet)
Res.Elec. : .       Clarity    : .   d - +1 cloak
Sust.Abil.: . .     Spirit.Shd : .   (no gloves)
Res.Mut.  : .       Stasis     : .   E - +0 pair of boots
Res.Rott. : .       Flight     : .   P - amulet of resist corrosion
Saprovore : . . .                    q - ring of wizardry
                                     A - ring of magical power

@: about to teleport, mighty, very slightly contaminated, slightly resistant to
hostile enchantments, unstealthy
A: hooves 1, blink 1, cold resistance 1, powered by pain 1, AC +3, SH +4
a: Blink


You were in a bailey.
You were not hungry.

You visited 1 branch of the dungeon, and saw 7 of its levels.
You also visited: Bailey.

You collected 393 gold pieces.
You spent 61 gold pieces at shops.

Inventory:

Hand weapons
 e - a +0,+1 mace of crushing
 w - a +0,+4 sling
 y - a +0,+0 whip of draining
 H - a cursed -1,-2 halberd
 R - a +1,+1 orcish mace of holy wrath
 S - a cursed -3,-1 halberd
Armour
 a - a +0 robe
 d - a +1 cloak (worn)
 m - a +0 golden helmet
 t - a cursed +0 leather armour (worn)
 E - a +0 pair of boots (worn)
 J - the +6 shield of the gong {rElec rN+ MR+}
   (You found it on level 6 of the Dungeon)

   It insulates you from electricity.
   It protects you from negative energy.
   It affects your resistance to hostile enchantments.
Magical devices
 v - a wand of fireball (3)
 G - a wand of random effects (0)
 Q - a wand of digging (7)
Comestibles
 c - 3 bread rations
Scrolls
 f - a scroll of noise
 g - a scroll of teleportation
 u - 3 scrolls of remove curse
 V - a scroll of curse weapon {unknown}
Jewellery
 k - an uncursed ring of ice
 q - a ring of wizardry (right hand)
 r - an uncursed ring of protection from magic
 A - a ring of magical power (left hand)
 O - a +1 ring of intelligence
 P - an amulet of resist corrosion (around neck)
 U - a +3 ring of intelligence
Potions
 j - 3 potions of heal wounds
 n - a potion of agility {unknown}
 p - a potion of mutation
 s - a potion of degeneration {unknown}
 z - a potion of slowing {unknown}
 D - 6 potions of curing
 I - a potion of invisibility {unknown}
 K - a potion of might
 L - 4 potions of brilliance
 M - a potion of coagulated blood
Books
 b - a book of Frost

   Spells                             Type                      Level
   *Freeze                            Ice                          1
   *Throw Frost                       Conjuration/Ice              2
   *Ozocubu's Armour                  Charms/Ice                   3
   Throw Icicle                       Conjuration/Ice              4
   *Summon Ice Beast                  Ice/Summoning                4
   Condensation Shield                Ice                          4
 C - a book of Control

   Spells                             Type                      Level
   Control Teleport                   Charms/Translocation         4
   Control Undead                     Necromancy                   4
   Enslavement                        Hexes                        4
   Mass Confusion                     Hexes                        6
   Metabolic Englaciation             Hexes/Ice                    6
 N - a book of Geomancy

   Spells                             Type                      Level
   Sandblast                          Earth                        1
   Stoneskin                          Transmutation/Earth          2
   Passwall                           Transmutation/Earth          3
   Stone Arrow                        Conjuration/Earth            3
   Petrify                            Transmutation/Earth          4
   Lee's Rapid Deconstruction         Earth                        5
Magical staves
 x - an uncursed staff of conjuration (weapon)
 B - an uncursed staff of air


   Skills:
 - Level 1.7 Dodging
 - Level 1.7 Stealth
 - Level 4.0 Spellcasting
 + Level 5.5 Conjurations
 - Level 2.5 Summonings
 + Level 10.1 Ice Magic


You had 6 spell levels left.
You knew the following spells:

 Your Spells              Type           Power        Failure   Level  Hunger
a - Freeze                Ice            ####         1%          1    None
b - Ozocubu's Armour      Chrm/Ice       ###.......   2%          3    ###....
c - Summon Ice Beast      Ice/Summ       ####......   5%          4    ####...
d - Throw Frost           Conj/Ice       #####.       1%          2    ##.....


Dungeon Overview and Level Annotations

Branches:
Dungeon (7/27)             Temple (0/1) D:7             Orc (0/4) D:7

Altars:
Okawaru
Xom
Beogh

Shops:
D:5 ?%=[   D:7 [

Annotations:
D:2 Sigmund
D:3 Grinder; casual's ghost, average FoFi
D:5 exclusions: orc warrior and 3 more exclusions


Innate Abilities, Weirdness & Mutations

You have large cloven feet.
You are mostly covered in large bone plates (AC +3, SH +4).
Your flesh is cold resistant.
You sometimes gain a little power by taking damage.
You can translocate small distances at will.


Message History

You feel much better.
The orc knight hits you from afar with an orcish glaive!
The orc knight barely misses your ice beast.
The orc knight barely misses you.
Your ice beast closely misses the orc knight.
The orc knight barely misses you.
The orc knight hits you from afar with an orcish trident!
* * * LOW HITPOINT WARNING * * *
You focus on the pain.
You feel your power returning.
Your ice beast closely misses the orc knight.
The orc knight hits your ice beast with an orcish halberd!
Your ice beast dies!
The orc warrior hits you from afar with an orcish trident.
* * * LOW HITPOINT WARNING * * *
Drink which item? (? for menu, Esc to quit)
You feel much better.
The orc knight hits you from afar with an orcish halberd!
* * * LOW HITPOINT WARNING * * *
The orc knight hits you from afar with an orcish trident!
You die...

#.....#
#.....#
#.....#
#..)..#
##'''##
##.....##
#.......#
#.......#
#......@#
#....o..#
#..o.ooo#
##....o##
#'''''#
#.....#
#.......#
#.......#
#.......#


You could see 4 orc knights, an orc warrior and an orc.

Vanquished Creatures
  9 orc warriors
  2 sky beasts
  4 ice beasts
  2 centaurs
  2 ogres (D:7)
  A wyvern zombie (D:7)
  2 giant frogs
  A gnoll sergeant (D:7)
  3 crimson imps
  A quasit (D:6)
  A hound (D:5)
  5 orc priests
  A jelly (D:5)
  An orc wizard (D:5)
  6 worker ants
  A scorpion (D:5)
  Ijyb (D:4)
  7 gnolls
  3 adders
  An inept item mimic (D:5)
  3 worms
  2 giant geckos
  42 orcs
  2 ball pythons
  7 giant cockroaches
  19 hobgoblins
  13 jackals
  11 kobolds
  4 quokkas (D:7)
  6 bats
  3 giant newts
  10 goblins
  A hobgoblin skeleton (D:7)
  A jackal skeleton (D:4)
  11 rats
  A rat skeleton (D:4)
  A butterfly (D:5)
191 creatures vanquished.

Vanquished Creatures (collateral kills)
  An orc warrior (Bailey)
  16 orcs (Bailey)
17 creatures vanquished.

Vanquished Creatures (others)
  9 ice beasts
9 creatures vanquished.

Grand Total: 217 creatures vanquished

Notes
Turn   | Place    | Note
--------------------------------------------------------------
     0 | D:1      | JacquesDerrida, the Demonspawn Ice Elementalist, began the quest for the Orb.
     0 | D:1      | Reached XP level 1. HP: 13/13 MP: 3/3
    96 | D:1      | Reached skill level 3 in Ice Magic
   204 | D:1      | Gained mutation: Your flesh is cold resistant. [demonic ancestry]
   204 | D:1      | Reached XP level 2. HP: 17/19 MP: 2/4
   940 | D:2      | Noticed Sigmund
  1030 | D:2      | Reached XP level 3. HP: 21/24 MP: 3/5
  1060 | D:2      | Reached skill level 4 in Ice Magic
  1333 | D:2      | Learned a level 3 spell: Ozocubu's Armour
  1620 | D:3      | Noticed Grinder
  1775 | D:3      | Reached XP level 4. HP: 28/30 MP: 7/7
  1861 | D:3      | Noticed casual's ghost (average FoFi)
  1917 | D:4      | Noticed Ijyb
  1923 | D:4      | Killed Ijyb
  2101 | D:4      | Noticed a giant frog
  2108 | D:4      | Killed a giant frog
  2108 | D:4      | Reached skill level 5 in Ice Magic
  2108 | D:4      | Reached XP level 5. HP: 33/35 MP: 1/9
  2437 | D:4      | Noticed a centaur
  2448 | D:4      | Killed a centaur
  2448 | D:4      | Gained mutation: You are partially covered in large bone plates (AC +2, SH +2). [demonic ancestry]
  2448 | D:4      | Reached XP level 6. HP: 19/41 MP: 4/11
  2562 | D:5      | Entered Level 5 of the Dungeon
  2569 | D:5      | Reached skill level 6 in Ice Magic
  2721 | D:5      | Found a shimmering altar of Xom.
  2753 | D:5      | Found Chiul's Food Shop.
  2896 | D:5      | Reached skill level 7 in Ice Magic
  2912 | D:5      | Gained mutation: You are mostly covered in large bone plates (AC +3, SH +4). [demonic ancestry]
  2912 | D:5      | Reached XP level 7. HP: 37/46 MP: 6/12
  2947 | D:5      | Found Psioqeom's Jewellery Emporium.
  2962 | D:5      | Bought a +1 ring of intelligence for 28 gold pieces
  3013 | D:5      | Found Ymouclaow's Armour Emporium.
  3031 | D:5      | Bought a +0 golden helmet for 33 gold pieces
  3054 | D:5      | Learned a level 4 spell: Summon Ice Beast
  3137 | D:5      | Reached skill level 1 in Summonings
  3304 | D:5      | Found Goaferat's Magic Scroll Shop.
  3601 | D:6      | Learned a level 2 spell: Throw Frost
  3879 | D:6      | Reached skill level 8 in Ice Magic
  4111 | D:6      | Gained mutation: You sometimes gain a little power by taking damage. [demonic ancestry]
  4111 | D:6      | Reached XP level 8. HP: 52/52 MP: 14/14
  4394 | D:7      | Found Zegei's Armour Shoppe.
  4485 | D:7      | Found an iron altar of Okawaru.
  4543 | D:7      | Reached skill level 9 in Ice Magic
  4564 | D:7      | Found a staircase to the Ecumenical Temple.
  4668 | D:7      | Gained mutation: You have large cloven feet. [demonic ancestry]
  4668 | D:7      | Reached XP level 9. HP: 41/57 MP: 5/19
  4719 | D:7      | Found a roughly hewn altar of Beogh.
  4779 | D:7      | Found a staircase to the Orcish Mines.
  4986 | D:7      | Found a flagged portal.
  4992 | Bailey   | Entered a bailey
  4994 | Bailey   | Gained mutation: You can translocate small distances at will. [potion of beneficial mutation]
  5412 | Bailey   | Noticed an orc knight
  5437 | Bailey   | Reached skill level 5 in Conjurations
  5437 | Bailey   | Reached skill level 10 in Ice Magic
  5525 | Bailey   | Noticed an orc knight
  5526 | Bailey   | Noticed an orc knight
  5535 | Bailey   | Noticed an orc knight
  5547 | Bailey   | Slain by an orc knight

Action                   |  1- 3 |  4- 6 |  7- 9 || total
-------------------------+-------+-------+-------++-------
Melee: Mace              |    51 |    65 |     7 ||   123
       Unarmed           |     3 |       |       ||     3
       Staff             |       |       |    35 ||    35
 Cast: Freeze            |    53 |    58 |   191 ||   302
       Ozocubu's Armour  |       |     3 |     9 ||    12
       Throw Frost       |       |       |    18 ||    18
       Summon Ice Beast  |       |       |    14 ||    14
Evoke: Wand              |       |     1 |    22 ||    23
  Use: Scroll            |     2 |       |    20 ||    22
       Potion            |       |       |     8 ||     8
 Stab: Distracted        |     1 |       |       ||     1
       Sleeping          |       |     1 |     1 ||     2
